 Dungeon Crawl Stone Soup version 0.30.2 (webtiles) character file.

Game seed: 11905970949908272860

16 Sandpaper2 the Trooper (level 2, 0/33 HPs)
             Began as an Ogre Berserker on Jan 31, 2024.
             Was a Follower of Trog.
             Slain by a kobold
             ... wielding a +2 dagger of electrocution
              (1 damage)
             ... on level 1 of the Dungeon.
             The game lasted 00:07:39 (316 turns).

Sandpaper2 the Trooper (Ogre Berserker)              Turns: 316, Time: 00:07:40

Health: 0/33       AC:  3    Str: 20    XL:     2   Next: 54%
Magic:  2/2        EV: 10    Int:  8    God:    Trog [*.....]
Gold:   23         SH:  0    Dex:  8    Spells: 1/1 levels left

rFire   . . .        a - +0 mace
rCold   . . .        (no shield)
rNeg    . . .        b - +0 animal skin
rPois   .            (helmet restricted)
rElec   .            (no cloak)
rCorr   .            (gloves unavailable)
SInv    .            (boots unavailable)
Will    .....        (no amulet)
Stlth   +            (no ring)
HPRegen 0.25/turn    (no ring)
MPRegen 0.08/turn

%: no passive effects
@: no status effects
A: large, unfitting armour, tough skin 1
a: Renounce Religion, Berserk


You were on level 1 of the Dungeon.
You worshipped Trog.
Trog was aware of your devotion.
You visited 1 branch of the dungeon, and saw 1 of its levels.

You collected 23 gold pieces.

Inventory:

Hand Weapons
 a - a +0 mace (weapon)
 d - a +0 dagger
 j - a +0 short sword
Missiles
 c - 4 stones (quivered)
Armour
 b - a +0 animal skin (worn)
Scrolls
 g - a scroll of identify
 h - a scroll of immolation {unknown}
 i - a scroll of brand weapon {unknown}
Potions
 e - a potion of mutation {unknown}
 f - a potion of heal wounds {unknown}


   Skills:
 + Level 4.3 Fighting
 + Level 3.0 Maces & Flails
 + Level 2.9 Dodging


You had one spell level left.
You didn't know any spells.
Your spell library was empty.

Dungeon Overview and Level Annotations

Branches:
Dungeon (1/15)

Altars:


Innate Abilities, Weirdness & Mutations

You are too large for most types of armour.
You have tough skin. (AC +1)


Message History

c - 4 stones What are your orders? t - Shout!
Orders for allies: a - Attack new target. r - Retreat! s - Stop attacking. g - Guard the area. f - Follow me.
Anything else - Cancel.
Okay, then.
You see here a hobgoblin corpse.
What are your orders? t - Shout!
Orders for allies: a - Attack new target. r - Retreat! s - Stop attacking. g - Guard the area. f - Follow me.
Anything else - Cancel.
Okay, then.
Hit: a) +0 mace
Press: ? - help, Dir - move target You swing at nothing.
Press: ? - help, v - describe, . - travel The floor.
You don't know any spells.
You see here a jackal corpse.
You see here a jackal corpse.
A rat comes into view.
A kobold comes into view.
It is wielding a +2 dagger of electrocution.
The kobold shouts!
You hit the rat.
You kill the rat!
Trog accepts your kill.
You see here a rat corpse.
The kobold hits you with a +2 dagger of electrocution.
You are electrocuted!
You barely miss the kobold.
The kobold hits you with a +2 dagger of electrocution.
You are electrocuted!
* * * LOW HITPOINT WARNING * * *
The kobold attacks as you move away!
The kobold hits you with a +2 dagger of electrocution.
You die...

###### #. #..... ...
###..#.#### ..
#.........# ..######
#....K@...####...#...#.
#......†....##.........
#.........#.##.........
#########.#............
#..# #.........
##.###..#......
#...........#.
#...........††
#...........†.


You could see a kobold.

Vanquished Creatures
  An endoplasm (D:1)
  3 hobgoblins (D:1)
  3 jackals (D:1)
  A kobold (D:1)
  A quokka (D:1)
  A ball python (D:1)
  A bat (D:1)
  A frilled lizard (D:1)
  A goblin (D:1)
  A rat (D:1)
14 creatures vanquished.

Notes
Turn   | Place    | Note
-------+----------+-------------------------------------------
     0 | D:1      | Sandpaper2 the Ogre Berserker began the quest for the Orb.
     0 | D:1      | Reached XP level 1. HP: 24/24 MP: 1/1
   148 | D:1      | Reached XP level 2. HP: 23/32 MP: 2/2
   315 | D:1      | HP: 1/33 [kobold/+2 dagger of electrocution (15)]
   316 | D:1      | Slain by a kobold

Illustrated notes

Levels and vault maps discovered:
D:1:      minmay_arrival_plants_in_alcoves, layout_rooms

Skill      XL: |  1  2 |
---------------+-------+-----
Maces & Flails | 3 |  3.0
Fighting       | |  4.3
Dodging        | |  2.9

Action                     || total
---------------------------++-------
  Melee: Mace              ||    33
  Throw: Stone             ||     3
 Invoke: Berserk           ||     1
    Use: Scroll            ||     1
 Armour: Animal skin       ||    23
  Dodge: Dodged            ||    23
